 Dungeon Crawl Stone Soup version 0.17-a0-1078-g243345b (webtiles) character file.

6954 halfnothing the Blocker (level 11, 0/60 HPs)
             Began as a Gargoyle Berserker on May 19, 2015.
             Was a High Priest of Trog.
             Slain by a porcupine (8 damage)
             ... on level 1 of the Lair of Beasts.
             The game lasted 00:56:10 (8271 turns).

halfnothing the Blocker (Gargoyle Berserker)        Turns: 8271, Time: 00:56:10

Health: 0/60       AC: 16    Str: 24    XL:     11   Next: 7%
Magic:  11/11      EV: 11    Int:  8    God:    Trog [*****.]
Gold:   228        SH: 14    Dex: 12    Spells: 0 memorised, 10 levels left

rFire  . . .     SeeInvis .     E - +1 flail (crush)
rCold  . . .     Clarity  .     I - +2 leather armour {MR+}
rNeg   + . .     SustAb   .     j - +0 shield
rPois  ∞         Gourm    .     D - +1 helmet
rElec  +         Spirit   .     F - +0 cloak
rCorr  .         Warding  .     x - +0 pair of gloves
rMut   .         Stasis   .     (no boots)
MR     +....                    (no amulet)
Stlth  +.........               C - +3 ring of dexterity
                                g - ring of wizardry (curse)

@: exhausted, slowed, very slow, somewhat resistant to hostile enchantments,
very unstealthy
A: negative energy resistance 1, electricity resistance, unbreathing,
petrification resistance, rot immunity, AC +7
a: Burn Spellbooks, Berserk, Trog's Hand, Brothers in Arms, Renounce Religion


You were on level 1 of the Lair of Beasts.
You worshipped Trog.
Trog was extremely pleased with you.
You were not hungry.

You visited 3 branches of the dungeon, and saw 10 of its levels.

You collected 381 gold pieces.
You spent 153 gold pieces at shops.

Inventory:

Hand weapons
 E - a +1 flail of crushing (weapon)
Armour
 j - a +0 shield (worn)
 x - a +0 pair of gloves (worn)
 D - a +1 helmet (worn)
 F - a +0 cloak (worn)
 I - a +2 leather armour of magic resistance (worn)
Jewellery
 g - a cursed ring of wizardry (left hand)
 C - a +3 ring of dexterity (right hand)
Magical devices
 a - a wand of teleportation (1)
 p - a wand of lightning (0)
 s - a wand of fire (0)
 u - a wand of confusion (0)
 K - a wand of disintegration (13)
 N - a wand of lightning (6)
Scrolls
 h - 5 scrolls of identify
 l - 5 scrolls of amnesia
 q - 3 scrolls of recharging
 r - a scroll of enchant armour
 t - 2 scrolls of magic mapping
 w - 3 scrolls of remove curse
 A - a scroll of enchant weapon
 G - a scroll of teleportation
 J - a scroll of blinking
 O - 2 scrolls of fog
Potions
 b - 2 potions of magic {unknown}
 e - a potion of invisibility
 i - a potion of might {unknown}
 k - a potion of curing
 m - a potion of haste
 o - a potion of flight
 v - a potion of brilliance
 z - a potion of agility {unknown}
 L - a potion of berserk rage {unknown}
Books
 f - a book of Death

   Spells                             Type                      Level
   a - Corpse Rot                     Necromancy                   2
   b - Sublimation of Blood           Necromancy                   2
   c - Agony                          Necromancy                   5
   d - Dispel Undead                  Necromancy                   5
   e - Excruciating Wounds            Charms/Necromancy            5
   f - Bolt of Draining               Conjuration/Necromancy       5
   Trog disapproves of the use of such an item.
 y - a book of Changes

   Spells                             Type                      Level
   a - Beastly Appendage              Transmutation                1
   b - Sticks to Snakes               Transmutation                2
   c - Spider Form                    Transmutation/Poison         3
   d - Ice Form                       Ice/Transmutation            4
   e - Blade Hands                    Transmutation                5
   Trog disapproves of the use of such an item.
 B - a Necronomicon {highlevel, unknown}

   This book is beyond your current level of understanding.

   Spells                             Type                      Level
   a - Haunt                          Necromancy/Summoning         7
   b - Borgnjor's Revivification      Necromancy                   8
   c - Death's Door                   Charms/Necromancy            8
   d - Necromutation                  Transmutation/Necromancy     8
   Trog disapproves of the use of such an item.
 M - a book of Maledictions

   Spells                             Type                      Level
   a - Corona                         Hexes                        1
   b - Ensorcelled Hibernation        Hexes/Ice                    2
   c - Confuse                        Hexes                        3
   d - Tukima's Dance                 Hexes                        3
   e - Dazzling Spray                 Conjuration/Hexes            3
   Trog disapproves of the use of such an item.
Comestibles
 c - 4 bread rations
 d - 3 meat rations
 n - 4 beef jerkies
 H - a chunk of flesh


   Skills:
 - Level 3.2 Fighting
 - Level 10.0 Maces & Flails
 - Level 2.1 Armour
 - Level 1.5 Dodging
 + Level 14.2 Shields


You had 10 spell levels left.
You didn't know any spells.

Dungeon Overview and Level Annotations

Branches:
Dungeon (8/15)             Temple (1/1) D:6            Lair (1/8) D:8

Altars:
Ashenzari
Cheibriados
Dithmenos
Elyvilon
Fedhas
Gozag
Kikubaaqudgha
Makhleb
Nemelex Xobeh
Okawaru
Qazlal
Ru
Sif Muna
Trog
Vehumet
Xom
Yredelemnul
Zin
The Shining One

Shops:
D:4 *   D:5 *


Innate Abilities, Weirdness & Mutations

You are resistant to torment.
Your stone body is resilient (AC +7).
You are immune to poison.
You resist negative energy.
You are resistant to electric shocks.
You can survive without breathing.
You are immune to petrification.
You are immune to rotting.


Message History

You block the blink frog's attack. The blink frog completely misses you.
You sock the blink frog!
The blink frog is almost dead.
You block the blink frog's attack. The blink frog hits you!
* * * LOW HITPOINT WARNING * * *
The blink frog blinks!
Evoke which item? (* to show all) (? for menu, Esc to quit)
Okay, then.
Evoke which item? (* to show all) (? for menu, Esc to quit)
Zapping:
p - a wand of lightning {zapped: 2} (will waste charges)
Press: ? - help, Shift-Dir - straight line, f/p - blink frog
Aim: a blink frog (almost dead)
You hear a mighty clap of thunder!
The bolt of lightning hits the blink frog.
You kill the blink frog!
Trog accepts your kill.
Evoking this partially-identified wand wasted a few charges.
A porcupine comes into view.
The porcupine bites you!
You die...

#. ##.##..# #### ##.. #
#..#
.#.#P###...########..#
.....................
....................
#...######...###### #
#..#######..# #
##..#.#r.##..###..######
.......@...†............
........................
#######...###P#.........
##..# ####........ #..#
#........ #..# #........
.... ......... ......
........ #####.


You could see a porcupine.

Vanquished Creatures
  A hill giant (D:8)
  The ghost of VikTorMgn the Carver, an experienced FoFi of Cheibriados (D:6)
  A spiny frog (Lair:1)
  Grinder (D:5)
  3 blink frogs (Lair:1)
  A deep elf mage (D:8)
  Sigmund (D:5)
  A wyvern (D:8)
  A hippogriff (D:8)
  6 yaks (Lair:1)
  Menkaure (D:4)
  2 sky beasts
  2 orc warriors
  3 water moccasins (Lair:1)
  3 black bears
  A porcupine (Lair:1)
  2 ice beasts (D:7)
  2 ogres
  4 centaurs
  3 giant frogs
  2 scorpions
  A wyvern skeleton (D:7)
  3 wights (D:7)
  2 giant frog zombies
  4 crimson imps
  A jelly (D:8)
  9 worker ants
  8 orc priests
  A hound (D:8)
  A giant frog skeleton (D:7)
  Natasha (twice) (D:4)
  2 iguanas
  6 orc wizards
  A killer bee zombie (D:8)
  A hound skeleton (D:7)
  8 gnolls
  10 adders
  4 shadow imps
  3 oozes
  2 adder skeletons
  A worm (D:2)
  29 orcs
  A bat skeleton (D:6)
  A bat zombie (D:7)
  6 goblins
  9 hobgoblins
  4 jackals
  A ball python (D:4)
  22 bats
  5 giant cockroaches
  2 giant geckos (D:4)
  5 giant newts
  6 kobolds
  4 quokkas
  A quokka skeleton (D:7)
  21 rats
229 creatures vanquished.

Notes
Turn   | Place    | Note
--------------------------------------------------------------
     0 | D:1      | halfnothing the Gargoyle Berserker began the quest for the Orb.
     0 | D:1      | Reached XP level 1. HP: 14/14 MP: 1/1
   408 | D:1      | Reached XP level 2. HP: 19/19 MP: 2/2
  1036 | D:2      | Reached skill level 4 in Maces & Flails
  1084 | D:2      | Reached XP level 3. HP: 19/23 MP: 3/3
  1208 | D:2      | Acquired Trog's second power
  1264 | D:2      | Reached XP level 4. HP: 17/28 MP: 4/4
  1418 | D:2      | Reached skill level 5 in Maces & Flails
  2112 | D:3      | Reached XP level 5. HP: 26/32 MP: 5/5
  2872 | D:3      | Reached skill level 6 in Maces & Flails
  3269 | D:4      | Noticed Menkaure
  3280 | D:4      | Killed Menkaure
  3280 | D:4      | Reached XP level 6. HP: 36/37 MP: 6/6
  3283 | D:4      | Reached skill level 7 in Maces & Flails
  3420 | D:4      | Noticed Natasha
  3426 | D:4      | Killed Natasha
  3482 | D:4      | Noticed Natasha
  3493 | D:4      | Killed Natasha
  3581 | D:4      | Found Woepun's Assorted Antiques.
  3593 | D:4      | Bought a scroll labeled PIZUTOB KACEU for 27 gold pieces
  3593 | D:4      | Bought a fuming brown potion for 24 gold pieces
  3601 | D:4      | Bought a scroll of identify for 54 gold pieces
  3671 | D:4      | Noticed an ogre
  3691 | D:4      | Killed an ogre
  3691 | D:4      | Reached XP level 7. HP: 41/41 MP: 7/7
  3739 | D:4      | Reached skill level 8 in Maces & Flails
  3928 | D:5      | Entered Level 5 of the Dungeon
  3978 | D:5      | Found Upriyrph's General Store.
  3994 | D:5      | Bought a potion of brilliance for 48 gold pieces
  4000 | D:5      | Noticed Sigmund
  4012 | D:5      | Killed Sigmund
  4188 | D:5      | Reached skill level 9 in Maces & Flails
  4198 | D:5      | Reached XP level 8. HP: 24/46 MP: 8/8
  4332 | D:5      | Noticed Grinder
  4358 | D:5      | Killed Grinder
  4358 | D:5      | Reached skill level 10 in Maces & Flails
  4486 | D:6      | Reached skill level 1 in Shields
  4546 | D:6      | Found an ancient bone altar of Kikubaaqudgha.
  4546 | D:6      | Found a sacrificial altar of Ru.
  4567 | D:6      | Noticed VikTorMgn's ghost (experienced FoFi)
  4574 | D:6      | Killed VikTorMgn's ghost
  4574 | D:6      | Reached skill level 5 in Shields
  4639 | D:6      | Found a staircase to the Ecumenical Temple.
  4687 | D:6      | Reached XP level 9. HP: 41/51 MP: 9/9
  4696 | Temple   | Entered the Ecumenical Temple
  4984 | D:6      | Found a bloodstained altar of Trog.
  5001 | D:6      | Found a snail-covered altar of Cheibriados.
  5033 | D:6      | Acquired Trog's third power
  5859 | D:7      | Received a gift from Trog
  6221 | D:7      | Reached skill level 10 in Shields
  6418 | D:8      | Found a staircase to the Lair.
  6449 | D:8      | Found a burning altar of Makhleb.
  6590 | D:8      | Reached XP level 10. HP: 56/56 MP: 10/10
  6690 | D:8      | Reached skill level 11 in Shields
  6788 | D:8      | Noticed a hill giant
  6937 | D:8      | Killed a hill giant
  6937 | D:8      | Reached skill level 12 in Shields
  7383 | Lair:1   | Entered Level 1 of the Lair of Beasts
  7694 | Lair:1   | Reached skill level 13 in Shields
  7815 | Lair:1   | HP: 2/56 [spiny frog (7)]
  8221 | Lair:1   | Reached XP level 11. HP: 60/60 MP: 11/11
  8257 | Lair:1   | Reached skill level 14 in Shields
  8271 | Lair:1   | Slain by a porcupine

Vault maps used:
D:1:      tarquinn_simple_flora_water_d, minmay_statues_item
D:3:      first_bread, minmay_door_square
D:4:      serial_shops, nicolae_shop_trees, uniq_menkaure, uniq_natasha
D:5:      serial_shops, nicolae_shop_waterfront, uniq_sigmund, uniq_grinder
D:6:      amethyst_overflow_temple_binary, temple_green, basic_altar,
          bloody_trog
D:8:      minmay_opposing_rooms, lair_0_dummy, basic_altar, kennysheep_path_1
Temple:   minmay_crystal_snake_temple_18
Lair:1:   minivault_23

Action                   |  1- 3 |  4- 6 |  7- 9 | 10-12 || total
-------------------------+-------+-------+-------+-------++-------
Melee: Mace              |    77 |     5 |   188 |       ||   270
       Flail             |       |   175 |   210 |   220 ||   605
       Whip              |       |       |    17 |       ||    17
Invok: Berserk           |     2 |     2 |     5 |     6 ||    15
       Trog's Hand       |       |       |     1 |       ||     1
       Burn Spellbooks   |       |       |     1 |       ||     1
Evoke: Wand              |       |       |    11 |     3 ||    14
  Use: Scroll            |       |    13 |     3 |     3 ||    19
       Potion            |       |       |       |     1 ||     1
 Stab: Confused          |       |       |     1 |       ||     1
  Eat: Chunk             |     2 |    10 |    13 |    11 ||    36
       Royal jelly       |       |       |     1 |     1 ||     2
